 Dungeon Crawl Stone Soup version 0.30.0-15-g856e2d3f33 (webtiles) character file.

Game seed: 7677749497862838092

155 MacCMillion the Chopper (level 5, -1/45 HPs)
             Began as a Hill Orc Fighter on May 19, 2023.
             Was an Initiate of Makhleb.
             Succumbed to a scorpion's poison
             ... on level 5 of the Dungeon.
             The game lasted 00:03:46 (3291 turns).

MacCMillion the Chopper (Hill Orc Fighter)          Turns: 3291, Time: 00:03:46

Health: -1/45      AC: 11    Str: 21    XL:     5   Next: 37%
Magic:  5/5        EV:  9    Int:  8    God:    Makhleb [......]
Gold:   260        SH:  0    Dex: 10    Spells: 4/4 levels left

rFire   . . .        a - +0 war axe
rCold   + . .        c - +0 buckler
rNeg    . . .        b - +0 scale mail
rPois   .            (no helmet)
rElec   .            (no cloak)
rCorr   .            (no gloves)
SInv    .            (no boots)
Will    .....        (no amulet) Stlth
                     (no ring)
HPRegen 0.27/turn    (no ring)
MPRegen 0.09/turn

%: no passive effects
@: confused, brilliant, lethally poisoned (-1 -> -6), flying, invisible
A: iridescent scales 2, cold resistance 1, sense surroundings 1
a: Renounce Religion


You were on level 5 of the Dungeon.
You worshipped Makhleb.
Makhleb was noncommittal.
You visited 2 branches of the dungeon, and saw 6 of its levels.

You collected 260 gold pieces.

Inventory:

Hand Weapons
 a - a +0 war axe (weapon)
Armour
 b - a +0 scale mail (worn)
 c - a +0 buckler (worn)
Jewellery
 m - an amulet of the acrobat
Scrolls
 e - 2 scrolls of amnesia {unknown}
 f - 12 scrolls of identify {unknown}
 g - a scroll of vulnerability {unknown}
 i - a scroll of enchant weapon {unknown}
 k - a scroll of teleportation {unknown}
 l - a scroll of fog {unknown}
 n - a scroll of immolation {unknown}
Potions
 d - a potion of might
 o - 2 potions of invisibility


   Skills:
 - Level 3.6 Fighting
 + Level 6.3 Axes
 - Level 3.7 Armour
 - Level 4.0 Shields


You had 4 spell levels left.
You didn't know any spells.
Your spell library contained the following spells:

 Spells                   Type           Power      Damage    Failure   Level
 Magic Dart               Conj           0%         1d3       80%         1
 Searing Ray              Conj           0%         2d4       91%         2
 Fulminant Prism          Conj/Hex       0%         3d5       100%        4


Dungeon Overview and Level Annotations

Branches:
Dungeon (5/15)             Temple (1/1) D:4

Altars:
Ashenzari
Cheibriados
Elyvilon
Fedhas
Hepliaklqana
Makhleb
Okawaru
Ru
Trog
Vehumet
Wu Jian
Xom
Zin

Shops:
D:1 =!?[(   D:4 :

Annotations:
D:4 exclusion: statue


Innate Abilities, Weirdness & Mutations

You are mostly covered in iridescent scales. (AC +4)
Your flesh is cold resistant. (rC+)
You passively map a small area around you.


Message History

Something hits you.
The orc wizard hits you but does no damage.
The orc barely misses you. The scorpion barely misses you.
Unknown command.
You miss the orc wizard.
The orc wizard is moderately wounded.
You miss something. You barely miss the orc.
You hit the scorpion but do no damage.
You feel sick. Something hits you but does no damage.
The orc wizard barely misses you. The orc hits you but does no damage.
The scorpion stings you.
* * * LOW HITPOINT WARNING * * *
You are lethally poisoned!
The scorpion poisons you!
* * * LOW HITPOINT WARNING * * *
You feel very sick.
You hear some strange, mumbled words.
A puff of flame appears from out of thin air!
Found a scroll labelled YHOJATR UCSO.
* * * LOW HITPOINT WARNING * * *
You feel very sick.
It was a potion of flight.
You feel very buoyant.
You fly up into the air.
* * * LOW HITPOINT WARNING * * *
You feel sick. The scorpion stings you.
* * * LOW HITPOINT WARNING * * *
It was a potion of brilliance.
You feel clever all of a sudden.
* * * LOW HITPOINT WARNING * * *
You feel sick.
The orc wizard gestures at the orc while chanting.
The puff of flame hits the orc.
The scorpion stings you but does no damage.
The orc shouts!
It was a potion of mutation.
You feel extremely strange.
Iridescent scales grow over part of your body.
You feel a strange attunement to the structure of the dungeons.
Iridescent scales spread over more of your body.
You feel resistant to cold.
You die...

###.....######..##
#........# ...#
#....##..# ###...,
, ##....#...#
##..... ..
##...##............
, .. ##...# ##....
..... *
#.#...###...... , ,
.##.....#...?..## ,
*** .........#@# ,
.....[....s.#* , ,
...........o# , ,
,......>..#)o.....#
, ,
.......####.?......
,,#....##
#....#..., * , ....
#....# .. .. , *
##.... , , ....#


You could see a scorpion (unable to see you), an orc wizard (unable to see you)
and an orc (unable to see you).

Vanquished Creatures
  An orc priest (D:3)
  4 adders
  An ufetubus (D:4)
  3 dart slugs
  11 orcs
  8 ball pythons
  4 bats
  3 endoplasms
  4 giant cockroaches
  8 goblins
  6 hobgoblins
  A quokka (D:2)
  4 frilled lizards
  3 kobolds
  2 rats (D:3)
63 creatures vanquished.

Notes
Turn   | Place    | Note
-------+----------+-------------------------------------------
     0 | D:1      | MacCMillion the Hill Orc Fighter began the quest for the
                  | Orb.
     0 | D:1      | Reached XP level 1. HP: 19/19 MP: 1/1
   165 | D:1      | Found Nixoemag's Jewellery Shoppe.
   165 | D:1      | Found Fieshoym's Distillery.
   299 | D:1      | Found Adeipips's Magic Scroll Emporium.
   304 | D:1      | Reached skill level 3 in Axes
   327 | D:1      | Reached XP level 2. HP: 26/26 MP: 2/2
   496 | D:1      | Found Taibuk's Antique Armour Emporium.
   579 | D:1      | Found Syuxui Mecat's Weapon Shoppe.
   883 | D:2      | Found a faded altar of an unknown god.
  1137 | D:2      | Found an iron altar of Okawaru.
  1374 | D:2      | Reached XP level 3. HP: 22/22 MP: 3/3
  1379 | D:2      | You fall into a shaft and drop 1 floor!
  1436 | D:3      | Reached skill level 4 in Axes
  1715 | D:3      | Reached XP level 4. HP: 21/35 MP: 4/4
  1912 | D:3      | Reached skill level 5 in Axes
  2321 | D:3      | Reached XP level 5. HP: 45/45 MP: 5/5
  2541 | D:4      | Found Nitzo's Book Shoppe.
  2636 | D:4      | Found a radiant altar of Vehumet.
  2636 | D:4      | Noticed a frost-covered statue
  2756 | D:4      | Reached skill level 6 in Axes
  2838 | D:4      | Found a staircase to the Ecumenical Temple.
  2851 | D:4      | Found a white marble altar of Elyvilon.
  2862 | Temple   | Entered the Ecumenical Temple
  2862 | Temple   | Found a transporter.
  2862 | Temple   | Found a transporter.
  2864 | Temple   | Found a transporter.
  2864 | Temple   | Found a transporter.
  2896 | Temple   | Became a worshipper of Makhleb the Destroyer
  3241 | D:5      | Entered Level 5 of the Dungeon
  3290 | D:5      | HP: 1/45 [poisoned by a scorpion]
  3291 | D:5      | Gained mutation: You are partially covered in iridescent
                  | scales. (AC +2) [potion of mutation]
  3291 | D:5      | Gained mutation: You passively map a small area around you.
                  | [potion of mutation]
  3291 | D:5      | Gained mutation: You are mostly covered in iridescent
                  | scales. (AC +4) [potion of mutation]
  3291 | D:5      | Gained mutation: Your flesh is cold resistant. (rC+)
                  | [potion of mutation]
  3291 | D:5      | Succumbed to a scorpion's poison

Illustrated notes

Levels and vault maps discovered:
D:1:      tarquinn_simple_flora_water_e, layout_basic, serial_shops,
          nicolae_shop_trees, shop, shop, shop, shop_fountains,
          hangedman_decor_points
D:2:      layout_loops_ring, basic_altar, nicolae_ecumenical_lake_church,
          minmay_statues_item, kennysheep_donut
D:3:      layout_loops_ring
D:4:      layout_cave_pools, vehumet_statue, elyvilon_altar_1,
          minmay_temple_entry_nine_rooms, serial_shops, shop,
          minmay_fountain_box
D:5:      layout_cave_pools, biasface_ghost_orc_armoury
Temple:   hellmonk_temple_divided_pantheon

Skill      XL: |  1  2  3  4  5 |
---------------+----------------+-----
Axes           | 3 4 5 6 |  6.3
Shields        | 4 |  4.0
Fighting       | |  3.6
Armour         | |  3.7

Action                     |  1- 3 |  4- 6 || total
---------------------------+-------+-------++-------
  Melee: War axe           |   109 |    74 ||   183
    Use: Potion            |       |     4 ||     4
 Armour: Scale mail        |    48 |    32 ||    80
  Dodge: Dodged            |    43 |    40 ||    83
  Block: Buckler           |    28 |    14 ||    42
